 Dungeon Crawl Stone Soup version 0.26-a0-602-gd42a14c23b (webtiles) character file.

Game seed: 16734206275184566087

5840 Descartes the Protected (level 11, 0/75 HPs)
             Began as a Formicid Fighter on Aug 30, 2020.
             Was an Initiate of Gozag.
             Slain by a four-headed hydra (8 damage)
             ... on level 8 of the Dungeon.
             The game lasted 00:25:49 (10845 turns).

Descartes the Protected (Formicid Fighter)         Turns: 10845, Time: 00:25:49

Health: 0/75       AC: 20    Str: 21    XL:     11   Next: 7%
Magic:  11/11      EV: 16    Int: 11    God:    Gozag
Gold:   692        SH: 11    Dex: 10    Spells: 7/10 levels left

rFire    . . .     SeeInvis +   X - +2 glaive (flame)
rCold    . . .     Faith    .   c - +0 kite shield
rNeg     . . .     Spirit   .   z - +0 plate armour
rPois    .         Reflect  .   (helmet unavailable)
rElec    +         Harm     .   x - +0 cloak
rCorr    .                      y - +0 pair of gloves
MR       ++...                  (no boots)
Stlth    ..........             a - amulet of the Air {Inacc +Fly rElec EV+5 RMsl}
HPRegen  0.22/turn              r - ring of protection from magic
MPRegen  0.12/turn              v - +4 ring of evasion

@: mighty, repel missiles
A: permanent stasis, dig shafts and tunnels, four strong arms, antennae 3
a: Dig, Shaft Self, Potion Petition, Call Merchant, Bribe Branch, Renounce
Religion, Evoke Flight


You were on level 8 of the Dungeon.
You worshipped Gozag.
Gozag was pleased with you.
You visited 2 branches of the dungeon, and saw 11 of its levels.

You collected 1423 gold pieces.
You paid 731 gold pieces to Gozag.

Inventory:

Hand Weapons
 w - a +1 hunting sling of freezing
 J - the +5 falchion of the Valley of Death {drain, Str+3}
   (You took it off an orc on level 5 of the Dungeon)

   A truly terrible weapon, it drains the life of those it strikes.
   It affects your strength (+3).
 W - the +1 dagger of Descent {freeze, Str+3 Stlth+}
   (You found it on level 10 of the Dungeon)

   It has been specially enchanted to freeze those struck by it, causing extra
   injury to most foes and up to half again as much damage against particularly
   susceptible opponents.
   It can also slow down cold-blooded creatures.
   It affects your strength (+3).
   It makes you more stealthy.
 X - a +2 glaive of flaming (weapon)
Missiles
 e - 222 stones
 i - 50 poisoned darts (quivered)
 o - 98 bolts
 q - 105 arrows
 H - 5 boomerangs
 O - 5 large rocks
 P - 6 javelins
 Q - 23 sling bullets
Armour
 b - a +1 leather armour of cold resistance
 c - a +0 kite shield (worn)
 x - a +0 cloak (worn)
 y - a +0 pair of gloves (worn)
 z - a +0 plate armour (worn)
 M - a +0 robe of magic resistance
 S - the +0 ring mail of the Original Sin {rElec Str-5 Int+5 Stlth+}
   (You found it on level 7 of the Dungeon)

   It affects your strength (-5).
   It affects your intelligence (+5).
   It insulates you from electricity.
   It makes you more stealthy.
 Y - +0 acid dragon scales
Magical Staves
 U - an uncursed staff of death {unknown}
Jewellery
 a - the amulet of the Air (around neck) {Inacc +Fly rElec EV+5 RMsl}
   (You found it on level 9 of the Dungeon)

   [amulet of inaccuracy]

   It reduces the accuracy of all your attacks.
   It affects your evasion (+5).
   It insulates you from electricity.
   It lets you fly.
   It protects you from missiles.
 r - a ring of protection from magic (left hand)
 v - a +4 ring of evasion (right hand)
 A - a +6 ring of dexterity
Wands
 n - a wand of flame (8)
 G - a wand of disintegration (16)
 R - a wand of random effects (21)
 T - a wand of paralysis (6)
Scrolls
 f - 3 scrolls of fog {unknown}
 g - 2 scrolls of random uselessness {unknown}
 h - 7 scrolls of remove curse
 k - 5 scrolls of blinking {unknown}
 l - 7 scrolls of teleportation {unknown}
 s - 2 scrolls of enchant weapon {unknown}
 C - 6 scrolls of identify
 D - 2 scrolls of amnesia {unknown}
 E - 2 scrolls of vulnerability {unknown}
 F - 2 scrolls of noise {unknown}
 K - a scroll of torment {unknown}
 N - 3 scrolls of fear {unknown}
 V - a scroll of magic mapping {unknown}
Potions
 j - 3 potions of stabbing
 m - 7 potions of curing
 p - 2 potions of flight
 u - 6 potions of lignification
 B - a potion of heal wounds
 I - 2 potions of cancellation
 L - a potion of ambrosia


   Skills:
 + Level 3.2 Fighting
 - Level 2.0 Long Blades
   Level 2.0(2.2) Axes
 - Level 1.4(2.0) Polearms
 + Level 14.8 Armour
 - Level 9.0 Shields


You had 7 spell levels left.
You knew the following spells:

 Your Spells              Type           Power        Failure   Level
a - Confusing Touch       Hex            #.......     100%        3

Your spell library contained the following spells:

 Spells                   Type           Power        Failure   Level
 Gell's Gravitas          Tloc           #.........   100%        3
 Petrify                  Tmut/Erth      #.......     100%        4
 Metabolic Englaciation   Hex/Ice        #.........   100%        5
 Yara's Violent Unravell  Hex/Tmut       #.........   100%        5


Dungeon Overview and Level Annotations

Branches:
Dungeon (10/15)            Temple (1/1) D:4
   Lair: D:8-11         Orc: D:9-12

Altars:
Ashenzari
Cheibriados
Dithmenos
Elyvilon
Fedhas
Gozag
Hepliaklqana
Kikubaaqudgha
Makhleb
Nemelex Xobeh
Okawaru
Qazlal
Ru
Sif Muna
Trog
Uskayaw
Vehumet
Wu Jian
Xom
Yredelemnul
Zin
The Shining One


Innate Abilities, Weirdness & Mutations

You cannot be hasted, slowed, berserked, paralysed or teleported.
You can dig through walls and to a lower floor.
Your four strong arms can wield two-handed weapons with a shield.
You have a pair of large antennae on your head. (SInv)


Message History

You burn the four-headed hydra.
The four-headed hydra is heavily wounded.
The four-headed hydra bites you but does no damage.
The four-headed hydra closely misses you.
The four-headed hydra bites you but does no damage.
You block the four-headed hydra's attack. x3
The four-headed hydra misses you.
The four-headed hydra bites you but does no damage.
You closely miss the four-headed hydra.
The four-headed hydra is heavily wounded.
The four-headed hydra bites you but does no damage.
The four-headed hydra bites you.
* * * LOW HITPOINT WARNING * * *
The four-headed hydra closely misses you.
You block the four-headed hydra's attack.
The four-headed hydra bites you!
* * * LOW HITPOINT WARNING * * *
The four-headed hydra bites you!
You die...
Your body crumbles into a pile of gold.

.##.####...#P...P#....### #......
.......###.###'###..#.######.....
##....#..#..........##.##........
###..#.##.##.###.#...............
....#.#.)#...##.#................
#.##.#.#####..####..##...........
....#..#....#.#..#.###..###.##...
.###...##.##..#.##.####......##..
.....#####.[...D@....#......[....
'###.#.#.#.#######...#......##...
..P#)##..#.#P....#......###..##.#
##.#.#...#D#.###{#..###.####.##.#
.#.#..#.#.T'O#$'.#..###..##..#...
'#.#.#..##.#.###.#...##..........
..P#..#.##.#P{...#...............
####.##.#..#######...............
............ ...................


You could see a four-headed hydra.

Vanquished Creatures
  A two-headed ogre (D:8)
  An unseen horror (D:8)
  Maggie (D:10)
  A hippogriff (D:7)
  Sigmund (D:5)
  A wraith (D:8)
  3 sky beasts
  A black bear (D:9)
  An ice beast (D:8)
  6 orc warriors
  2 phantoms (D:5)
  3 ogres
  The ghost of P0WERM0DE the Sneak, an amateur OpDe (D:5)
  2 centaurs
  4 bullfrogs
  11 killer bees
  The ghost of Brozuf the Ruffian, a weakling DrTm (D:4)
  5 wights (D:10)
  2 howler monkeys (D:7)
  A centaur zombie (D:8)
  A quasit (D:7)
  3 orc priests
  3 hounds
  4 bullfrog skeletons
  2 centaur skeletons
  Jessica (D:2)
  4 iguanas
  3 orc wizards (D:4)
  8 worker ants
  2 worker ant zombies
  15 gnolls
  5 adders
  3 shadow imps
  2 white imps
  3 ufetubi
  An ooze (D:1)
  An adder skeleton (D:7)
  2 worms
  2 dart slugs (D:1)
  3 leopard geckos
  29 orcs
  4 giant cockroaches
  4 goblins
  14 hobgoblins
  6 jackals
  A quokka (D:2)
  A ball python zombie (D:6)
  8 bats
  A frilled lizard (D:1)
  5 kobolds
  3 rats
193 creatures vanquished.

Vanquished Creatures (others)
  5 plants (D:8)
5 creatures vanquished.

Grand Total: 198 creatures vanquished

Notes
Turn   | Place    | Note
-------+----------+-------------------------------------------
     0 | D:1      | Descartes the Formicid Fighter began the quest for the Orb.
     0 | D:1      | Reached XP level 1. HP: 18/18 MP: 1/1
    86 | D:1      | Reached XP level 2. HP: 24/24 MP: 2/2
   572 | D:1      | Reached XP level 3. HP: 29/29 MP: 3/3
   665 | D:1      | Reached skill level 5 in Shields
   971 | D:2      | Found an ancient bone altar of Kikubaaqudgha.
  1165 | D:2      | Reached XP level 4. HP: 35/35 MP: 4/4
  1196 | D:2      | Found a shimmering blue altar of Sif Muna.
  1196 | D:2      | Noticed Jessica
  1210 | D:2      | Killed Jessica
  1749 | D:2      | Found a white marble altar of Elyvilon.
  1751 | D:2      | Found a hide-covered altar of Uskayaw.
  2035 | D:3      | Reached XP level 5. HP: 41/41 MP: 5/5
  3209 | D:3      | Found a hazy altar of Hepliaklqana.
  3424 | D:4      | Reached XP level 6. HP: 47/47 MP: 6/6
  3438 | D:4      | Found a glowing golden altar of the Shining One.
  3465 | D:4      | Found a runed translucent gate.
  3465 | D:4      | Found a runed translucent gate.
  3551 | D:4      | Found a runed translucent gate.
  3575 | D:4      | Found a staircase to the Ecumenical Temple.
  3600 | D:4      | Noticed Brozuf's ghost (weakling DrTm)
  3673 | Temple   | Entered the Ecumenical Temple
  3883 | Temple   | Became a worshipper of Gozag Ym Sagoz the Greedy
  4035 | D:4      | Noticed an ogre
  4077 | D:4      | Killed an ogre
  4077 | D:4      | Reached XP level 7. HP: 20/52 MP: 7/7
  4339 | D:4      | Found a shadowy altar of Dithmenos.
  4684 | D:4      | Killed Brozuf's ghost
  4684 | D:4      | Reached skill level 4 in Armour
  4809 | D:5      | Entered Level 5 of the Dungeon
  4848 | D:5      | Found a stormy altar of Qazlal.
  4904 | D:4      | Reached skill level 5 in Armour
  5243 | D:5      | Noticed Sigmund
  5274 | D:5      | Killed Sigmund
  5274 | D:5      | Reached skill level 6 in Armour
  5274 | D:5      | Reached XP level 8. HP: 45/58 MP: 8/8
  5388 | D:5      | Reached skill level 7 in Armour
  5449 | D:5      | Identified the +5 falchion of the Valley of Death {drain,
                  | Str+3}
  5756 | D:5      | Reached skill level 8 in Armour
  5864 | D:5      | Found a runed translucent door.
  5864 | D:5      | Noticed P0WERM0DE's ghost (amateur OpDe)
  6042 | D:5      | Killed P0WERM0DE's ghost
  6239 | D:6      | Reached skill level 1 in Long Blades
  6239 | D:6      | Reached skill level 1 in Polearms
  6247 | D:6      | Reached XP level 9. HP: 58/64 MP: 9/9
  6330 | D:6      | Reached skill level 9 in Armour
  6795 | D:6      | Found a basalt altar of Yredelemnul.
  6795 | D:6      | Found a snail-covered altar of Cheibriados.
  6946 | D:7      | Reached skill level 10 in Armour
  7094 | D:7      | Found a bloodstained altar of Trog.
  7370 | D:7      | Reached skill level 11 in Armour
  7441 | D:7      | Found an iron altar of Okawaru.
  7529 | D:7      | Found a bloodstained altar of Trog.
  7643 | D:7      | Found a blossoming altar of Fedhas.
  7877 | D:7      | Noticed a hippogriff
  7884 | D:7      | Killed a hippogriff
  7968 | D:7      | Got a shimmering ring mail
  7979 | D:7      | Identified the cursed +0 ring mail of the Original Sin
                  | {rElec Str-5 Int+5 Stlth+} (You found it on level 7 of the
                  | Dungeon)
  7983 | D:8      | Noticed a two-headed ogre
  7993 | D:8      | Killed a two-headed ogre
  7993 | D:8      | Reached skill level 12 in Armour
  7993 | D:8      | Reached XP level 10. HP: 52/70 MP: 10/10
  8322 | D:8      | Noticed an unseen horror
  8328 | D:8      | Killed an unseen horror
  8328 | D:8      | Reached skill level 13 in Armour
  8976 | D:8      | Learned a level 3 spell: Confusing Touch
  9205 | D:7      | Reached skill level 14 in Armour
  9701 | D:8      | Noticed a four-headed hydra
  9717 | D:8      | You fall into a shaft and drop 2 floors!
  9717 | D:10     | Entered Level 10 of the Dungeon
 10156 | D:10     | Got a smoking dagger
 10157 | D:10     | Identified the cursed +1 dagger of Descent {freeze, Str+3
                  | Stlth+} (You found it on level 10 of the Dungeon)
 10348 | D:10     | Noticed Maggie
 10394 | D:10     | Reached XP level 11. HP: 65/75 MP: 11/11
 10419 | D:10     | Killed Maggie
 10745 | D:9      | Found the amulet of the Air {Inacc +Fly rElec EV+5 RMsl}
 10845 | D:8      | Slain by a four-headed hydra

Illustrated notes

Levels and vault maps discovered:
D:1:      dpeg_arrival_windows_large_door, layout_basic, minivault_5, hex_large
D:2:      layout_loops_ring, lemuel_coloured_pillars_altar,
          nicolae_overflow_hidden_temple, led_sif_pool, st_stairs_13,
          uniq_jessica
D:3:      layout_basic, nicolae_overflow_crystal_walls
D:4:      layout_basic, lemuel_round_altar, old_standard_altar,
          minmay_temple_entry_nine_rooms, gammafunk_ghost_split
D:5:      layout_rooms, nicolae_qazlal_general_emergency,
          hellmonk_ghost_happy_afterlife, uniq_sigmund
D:6:      layout_rooms, amethyst_overflow_temple_binary,
          minmay_fractal_squares_diagonal_5
D:7:      layout_loops_ring, lemuel_doored_altar, okawaru_gym_becter,
          lemuel_round_altar, amethyst_killhole, minmay_misc_feat_x,
          trog_butcher_becter
D:8:      layout_cave_pools, minmay_shattered_shrine
D:9:      cheibrodos_barr_body, layout_irregular_city, serial_shops,
          nicolae_shop_temple_entry_statues_fountains
D:10:     layout_basic, dpeg_oklobed_lair, uniq_maggie, uniq_grum
Temple:   nicolae_temple_figure_zero

Skill      XL: |  1  2  3  4  5  6  7  8  9 10 |
---------------+-------------------------------+-----
Shields        | 4 5 6 7 8 9 |  9.0
Armour         | 6 8 12 14 | 14.8
Long Blades    | 1 2 |  2.0
Polearms       | 1 |  1.4
Fighting       | |  3.2
Axes           | |  2.0

Action                   |  1- 3 |  4- 6 |  7- 9 | 10-12 || total
-------------------------+-------+-------+-------+-------++-------
Melee: War axe           |    87 |   191 |   238 |       ||   516
       Falchion          |       |       |   182 |   222 ||   404
       Glaive            |       |       |       |    12 ||    12
Throw: Dart              |       |       |       |     3 ||     3
Invok: Potion Petition   |       |       |       |     3 ||     3
 Abil: Dig               |       |     1 |     4 |     4 ||     9
       Shaft Self        |       |       |       |     1 ||     1
  Use: Scroll            |       |     5 |       |     5 ||    10
       Potion            |       |     1 |       |     2 ||     3
 Stab: Distracted        |       |       |     1 |       ||     1
       Sleeping          |       |       |       |     2 ||     2
Armor: Scale mail        |    34 |    14 |       |       ||    48
       Chain mail        |       |    44 |       |       ||    44
       Plate armour      |       |    25 |   179 |    62 ||   266
       Ring mail         |       |       |     1 |    92 ||    93
       Skin              |       |       |       |    59 ||    59
Dodge: Dodged            |    23 |    59 |   164 |   146 ||   392
Block: Kite shield       |    43 |   122 |   274 |   263 ||   702
       Rpst.: Falchion   |       |       |    25 |    28 ||    53

Table legend: (Time is in decaauts)
 A = Elapsed time spent in this place.
 B = Non-inter-level travel time spent in this place.
 C = Inter-level travel time spent in this place.
 D = Time resting spent in this place.
 E = Time spent auto-exploring this place.
 F = Levels seen in this place.
 G = Mean time per level.
                   A        B        C        D        E       F      G
               +--------+--------+--------+--------+--------+-----+--------+
         Total |  11162 |  10647 |    515 |    451 |   7942 |  11 | 1014.7 |
       Dungeon |  10941 |  10435 |    506 |    451 |   7734 |  10 | 1094.1 |
        Temple |    220 |    211 |      9 |      0 |    208 |   1 |  220.0 |
               +--------+--------+--------+--------+--------+-----+--------+

Top non-repeatable levels by time:
     D:7: 1568 daAuts
     D:4: 1459 daAuts
     D:3: 1376 daAuts
     D:8: 1319 daAuts
     D:5: 1253 daAuts
     D:2: 1137 daAuts
    D:10: 1040 daAuts
     D:1: 943 daAuts
     D:6: 785 daAuts
  Temple: 220 daAuts
     D:9: 58 daAuts
